 Dungeon Crawl Stone Soup version 0.22.1-1-ga44c0e5 (webtiles) character file.

2760 panicbit the Cleaver (level 9, -2/78 HPs)
             Began as a Minotaur Fighter on Oct 11, 2018.
             Slain by a two-headed ogre
             ... wielding a +0 giant club
              (13 damage)
             ... on level 8 of the Dungeon.
             The game lasted 00:19:24 (6035 turns).

panicbit the Cleaver (Minotaur Fighter)             Turns: 6035, Time: 00:19:24

Health: -2/78      AC: 19    Str: 23    XL:     9   Next: 41%
Magic:  8/8        EV:  6    Int:  5    God:
Gold:   61         SH: 13    Dex: 11    Spells: 8/8 levels left

rFire    + + +     SeeInvis .   a - +0 war axe
rCold    + . .     Gourm    .   g - +2 shield of Resistance {rF+ rC+ MR+}
rNeg     . . .     Faith    .   F - +0 plate armour
rPois    .         Spirit   .   (helmet restricted)
rElec    +         Reflect  .   L - +1 cloak of Cowardice {rElec rF+ Stlth-}
rCorr    .         Harm     .   (no gloves)
MR       +....                  (no boots)
Stlth    ..........             (no amulet)
HPRegen  0.23/turn              p - ring of protection from fire
MPRegen  0.11/turn              u - +4 ring of protection

@: no status effects
A: retaliatory headbutt, horns 2
a: no special abilities


You were on level 8 of the Dungeon.
You were not hungry.

You visited 2 branches of the dungeon, and saw 9 of its levels.

You collected 353 gold pieces.
You spent 292 gold pieces at shops.

Inventory:

Hand Weapons
 a - a +0 war axe (weapon)
Armour
 g - the +2 shield of Resistance (worn) {rF+ rC+ MR+}
   (You found it on level 4 of the Dungeon)

   It protects you from fire.
   It protects you from cold.
   It affects your resistance to hostile enchantments.
 F - a +0 plate armour (worn)
 H - a +0 cloak
 L - the +1 cloak of Cowardice (worn) {rElec rF+ Stlth-}
   (You found it on level 8 of the Dungeon)

   It protects you from fire.
   It insulates you from electricity.
   It makes you less stealthy.
Jewellery
 n - an uncursed ring of flight
 p - a ring of protection from fire (left hand)
 u - a +4 ring of protection (right hand)
 J - the ring "Ydacyaqa" {Wiz rC+}
   (You took it off a centaur on level 7 of the Dungeon)

   [ring of wizardry]

   It improves your spell success rate.
   It protects you from cold.
Wands
 b - a wand of iceblast (7)
 A - a wand of random effects (45)
 C - a wand of scattershot (6)
Scrolls
 c - a scroll of fog {unknown}
 h - 3 scrolls of enchant armour {unknown}
 i - 8 scrolls of identify
 j - 3 scrolls of remove curse
 k - a scroll of immolation {unknown}
 m - 2 scrolls of amnesia {unknown}
 q - 4 scrolls of enchant weapon
 r - 5 scrolls of magic mapping
 v - a scroll of noise {unknown}
 w - 3 scrolls of teleportation {unknown}
 x - a scroll of random uselessness {unknown}
 y - 2 scrolls of fear {unknown}
 I - a scroll of vulnerability {unknown}
Potions
 d - 4 potions of might
 e - 2 potions of berserk rage {unknown}
 l - 6 potions of curing {unknown}
 o - a potion of haste {unknown}
 s - 4 potions of degeneration {unknown}
 t - a potion of mutation {unknown}
 z - a potion of heal wounds {unknown}
 B - 2 potions of brilliance {unknown}
 D - 2 potions of resistance {unknown}
 E - a potion of flight {unknown}
 G - 3 potions of lignification {unknown}
Comestibles
 f - 9 rations
 K - 18 chunks of flesh


   Skills:
 + Level 6.7 Fighting
 + Level 9.9 Axes
 + Level 7.1 Armour
 + Level 2.3 Dodging
 + Level 1.4 Stealth
 + Level 8.8 Shields


You had 8 spell levels left.
You didn't know any spells.
Your spell library contained the following spells:

 Spells                   Type           Power        Failure   Level  Hunger
 Corona                   Hex            #......      100%        1    ##.....
 Ensorcelled Hibernation  Hex/Ice        #.....       100%        2    ###....
 Confuse                  Hex            #.......     100%        3    ####...
 Dazzling Spray           Conj/Hex       #.....       100%        3    ####...
 Tukima's Dance           Hex            #.......     100%        3    ####...


Dungeon Overview and Level Annotations

Branches:
Dungeon (8/15)             Temple (1/1) D:6
   Lair: D:8-11

Altars:
Ashenzari
Cheibriados
Dithmenos
Elyvilon
Fedhas
Gozag
Hepliaklqana
Kikubaaqudgha
Makhleb
Nemelex Xobeh
Qazlal
Ru
Sif Muna
Trog
Uskayaw
Vehumet
Wu Jian
Yredelemnul
Zin
The Shining One

Shops:
D:7 ?


Innate Abilities, Weirdness & Mutations

You reflexively headbutt those who attack you in melee.
You have a pair of horns on your head.


Message History

You hit the two-headed ogre but do no damage.
You headbutt the two-headed ogre.
The two-headed ogre is heavily wounded.
You block the two-headed ogre's attack. x2
You slash the two-headed ogre! You headbutt the two-headed ogre.
The two-headed ogre is severely wounded.
You block the two-headed ogre's attack.
The two-headed ogre hits you but does no damage.
You slash the two-headed ogre!
Your headbutt misses the two-headed ogre.
The two-headed ogre is almost dead.
The two-headed ogre hits you with a giant club!!
* * * LOW HITPOINT WARNING * * *
You block the two-headed ogre's attack.
You hit the two-headed ogre.
The two-headed ogre is almost dead.
The two-headed ogre hits you with a giant club.
* * * LOW HITPOINT WARNING * * *
The two-headed ogre hits you with a giant spiked club!
You die...

########.#
#.....##.#
#.....##.#
#.....##.#
#..)..'..#
#....(#####
####......#
##############.###
...............O@#
##...#########.###
#.).# #.# #)..#
#.# #...# #.#
#...# #.# #...#
#.# #...# #O#
#...# #.#


You could see a two-headed ogre.

Vanquished Creatures
  Psyche (D:8)
  Eustachio (D:5)
  An orc warrior (D:6)
  2 ice beasts (D:8)
  A phantom (D:8)
  3 centaurs
  3 ogres
  Blork the orc (D:5)
  5 bullfrogs
  A scorpion (D:5)
  2 crimson imps
  A bullfrog skeleton (D:6)
  A gnoll shaman (D:8)
  A hound (D:4)
  Crazy Yiuf (D:5)
  2 orc priests
  10 orc wizards
  Ijyb (D:3)
  2 centaur skeletons
  2 iguanas (D:5)
  Terence (D:3)
  4 worker ants
  A hound zombie (D:6)
  A hound skeleton (D:7)
  6 gnolls
  4 adders
  3 shadow imps
  An ooze (D:2)
  3 worms
  4 dart slugs
  3 leopard geckos
  17 orcs
  7 bats
  6 giant cockroaches
  9 hobgoblins
  6 jackals
  9 kobolds
  5 quokkas
  5 ball pythons
  5 frilled lizards
  7 goblins
  A quokka skeleton (D:4)
  6 rats
156 creatures vanquished.

Notes
Turn   | Place    | Note
-------+----------+-------------------------------------------
     0 | D:1      | panicbit the Minotaur Fighter began the quest for the Orb.
     0 | D:1      | Reached XP level 1. HP: 19/19 MP: 0/0
   165 | D:1      | Reached XP level 2. HP: 27/27 MP: 1/1
   806 | D:2      | Reached XP level 3. HP: 33/33 MP: 2/2
   850 | D:2      | Reached skill level 3 in Axes
   890 | D:2      | Found a shattered altar of Ashenzari.
  1064 | D:2      | Found an opulent altar of Gozag.
  1194 | D:3      | Reached XP level 4. HP: 36/41 MP: 3/3
  1201 | D:3      | Reached skill level 1 in Dodging
  1212 | D:3      | Noticed Terence
  1222 | D:3      | Killed Terence
  1222 | D:3      | Reached skill level 4 in Axes
  1222 | D:3      | Reached XP level 5. HP: 26/47 MP: 4/4
  1366 | D:3      | Noticed Ijyb
  1375 | D:3      | Killed Ijyb
  2140 | D:4      | Found the +2 shield of Resistance {rF+ rC+ MR+}
  2314 | D:4      | Reached skill level 5 in Shields
  2447 | D:4      | Reached XP level 6. HP: 49/53 MP: 5/5
  2453 | D:4      | Reached skill level 5 in Axes
  2853 | D:5      | Entered Level 5 of the Dungeon
  3104 | D:5      | Reached XP level 7. HP: 60/60 MP: 6/6
  3190 | D:5      | Reached skill level 5 in Armour
  3296 | D:5      | Found a deep blue altar of Sif Muna.
  3349 | D:5      | Reached skill level 6 in Axes
  3421 | D:5      | Noticed Eustachio
  3442 | D:5      | Killed Eustachio
  3442 | D:5      | Reached skill level 5 in Fighting
  3498 | D:5      | Found a sparkling altar of Nemelex Xobeh.
  3568 | D:5      | Noticed Blork the orc
  3574 | D:5      | Killed Blork the orc
  3651 | D:5      | Found a runed door.
  3655 | D:5      | Noticed Crazy Yiuf
  3659 | D:5      | Killed Crazy Yiuf
  3659 | D:5      | Reached XP level 8. HP: 66/68 MP: 7/7
  3844 | D:6      | Reached skill level 7 in Axes
  3963 | D:6      | Found a staircase to the Ecumenical Temple.
  4062 | Temple   | Entered the Ecumenical Temple
  4553 | D:6      | Reached skill level 8 in Axes
  4607 | D:6      | Noticed a dagger
  4607 | D:6      | Noticed a hand axe
  4616 | D:6      | Found a hide-covered altar of Uskayaw.
  4668 | D:6      | Found a sacrificial altar of Ru.
  4894 | D:7      | Got a fine copper ring
  4971 | D:7      | Found Zearpheikh's Magic Scroll Shoppe.
  4981 | D:7      | Bought 3 scrolls of enchant weapon for 292 gold pieces
  5191 | D:7      | Identified the ring "Ydacyaqa" {Wiz rC+} (You took it off a
                  | centaur on level 7 of the Dungeon)
  5369 | D:7      | Found an ornate altar of the Wu Jian Council.
  5561 | D:8      | Noticed Psyche
  5577 | D:8      | Killed Psyche
  5577 | D:8      | Reached skill level 9 in Axes
  5577 | D:8      | Reached XP level 9. HP: 43/78 MP: 8/8
  5845 | D:8      | Found a radiant altar of Vehumet.
  5905 | D:8      | Got a pitted cloak
  5916 | D:8      | Identified the +1 cloak of Cowardice {rElec rF+ Stlth-}
                  | (You found it on level 8 of the Dungeon)
  5954 | D:8      | Reached skill level 1 in Stealth
  6013 | D:8      | Noticed a two-headed ogre
  6035 | D:8      | Slain by a two-headed ogre

Skill      XL: |  1  2  3  4  5  6  7  8  9 |
---------------+----------------------------+-----
Shields        | 4 5 6 7 8 |  8.8
Armour         | 4 5 7 |  7.1
Fighting       | 4 5 6 |  6.7
Axes           | 3 4 5 6 9 |  9.9
Dodging        | 1 2 |  2.3
Stealth        | 1 |  1.4

Action                   |  1- 3 |  4- 6 |  7- 9 || total
-------------------------+-------+-------+-------++-------
Melee: War axe           |    87 |   148 |   276 ||   511
       Headbutt          |    11 |    19 |    50 ||    80
  Use: Scroll            |       |       |     3 ||     3
  Eat: Chunk             |     1 |     6 |    10 ||    17
Armor: Scale mail        |    32 |    11 |       ||    43
       Chain mail        |       |    57 |    23 ||    80
       Plate armour      |       |       |    83 ||    83
Dodge: Dodged            |    33 |    39 |    47 ||   119
Block: Shield            |    45 |    77 |   174 ||   296
